 Dungeon Crawl Stone Soup version 0.30-a0-42-g806c11bf1d (webtiles) character file.

Game seed: 12067600112585277467

367410 Nattfarinn the Wrestler (level 21, -1/231 HPs)
             Began as a Troll Berserker on Aug 30, 2022.
             Was the Champion of Trog.
             Engulfed by an ushabti's foul pestilence (2 damage)
             ... on level 3 of the Crypt.
             The game lasted 02:09:47 (42988 turns).

Nattfarinn the Wrestler (Troll Berserker)          Turns: 42988, Time: 02:09:49

Health: -1/231     AC: 32    Str: 39      XL:     21   Next: 62%
Magic:  20/20      EV:  7    Int:  3 (5)  God:    Trog [******]
Gold:   2565       SH: 11    Dex:  8 (9)  Spells: 20/20 levels left

rFire   + . .      SeeInvis +      - Unarmed
rCold   + + .      Faith    .    D - +0 kite shield {reflect}
rNeg    + + .      Spirit   .    Y - +4 gold dragon scales
rPois   +          Reflect  +    u - +3 crown of Dyrovepreva {rElec Int+2 SInv}
rElec   +          Harm     .    H - +2 cloak {rCorr}
rCorr   +          Rampage  .    (gloves unavailable)
Will    +....                    (boots unavailable)
Stlth   ..........               k - amulet "Tiompah" {rPois rC+ rN+ Regen+ Stlth-}
HPRegen 2.08/turn                w - ring of flight
MPRegen 0.17/turn                K - ring of positive energy

@: lethally poisoned (-1 -> -11), on berserk cooldown, flying, slowed, lost
intelligence, unable to read, very slow
A: large, unfitting armour, claws 3, regeneration 1, shaggy fur 1, tough skin 1
}: 2/15 runes: serpentine, barnacled
a: Renounce Religion, Berserk, Trog's Hand, Brothers in Arms


You were on level 3 of the Crypt.
You worshipped Trog.
Trog was exalted by your worship.
You visited 7 branches of the dungeon, and saw 37 of its levels.
You also visited: Ossuary and Ice Cave.

You collected 6132 gold pieces.
You spent 3567 gold pieces at shops.

Inventory:

Hand Weapons
 O - the +11 long sword of the Candelabrum {vorpal, +Blink rN+}
   (You found it on level 8 of the Dungeon)

   It inflicts extra damage upon your enemies.
   rN:        It protects you from negative energy.
   +Blink:    It lets you blink.
Missiles
 j - 6 throwing nets (quivered)
Armour
 u - the +3 crown of Dyrovepreva (worn) {rElec Int+2 SInv}
   (You bought it in a shop on level 2 of the Orcish Mines)

   Int:       It affects your intelligence (+2).
   rElec:     It insulates you from electricity.
   SInv:      It lets you see invisible.
 D - a +0 kite shield of reflection (worn)
 H - a +2 cloak of preservation (worn)
 J - the +1 robe of Vines {NoPotionHeal Regen++++}
   (You found it on level 1 of the Lair of Beasts)

   Its wearer cannot be healed by potions.
   Regen:     It increases your rate of health regeneration.
 Y - +4 gold dragon scales (worn)
Jewellery
 c - the ring "Pievojopikk" {Ice rPois Int+2 SInv}
   (You found it on level 2 of the Crypt)

   [ring of ice]

   It enhances your ice magic.
   Int:       It affects your intelligence (+2).
   rF:        It makes you vulnerable to fire.
   rC:        It protects you from cold.
   rPois:     It protects you from poison.
   SInv:      It lets you see invisible.
 k - the amulet "Tiompah" (around neck) {rPois rC+ rN+ Regen+ Stlth-}
   (You bought it in a shop on level 2 of the Snake Pit)

   [amulet of regeneration]

   rC:        It protects you from cold.
   rPois:     It protects you from poison.
   rN:        It protects you from negative energy.
   Regen:     It increases your rate of health regeneration.
   Stlth:     It makes you less stealthy.
 q - the ring of Birdsong {rF+ rC+ Will+ Str+2 Int-4}
   (You acquired it on level 2 of the Lair of Beasts)

   [ring of protection from cold]

   Str:       It affects your strength (+2).
   Int:       It affects your intelligence (-4).
   rF:        It protects you from fire.
   rC:        It protects you from cold.
   Will:      It increases your willpower.
 w - a ring of flight (left claw)
 K - a ring of positive energy (right claw)
 X - the ring "Kuac" {Wiz rElec rN+}
   (You took it off a merfolk siren on level 4 of the Shoals)

   [ring of wizardry]

   It improves your spell success rate.
   rElec:     It insulates you from electricity.
   rN:        It protects you from negative energy.
Wands
 l - a wand of digging (9)
 s - a wand of mindburst (18)
 t - a wand of flame (38)
 y - a wand of roots (50)
 C - a wand of acid (51)
 R - a wand of paralysis (15)
 U - a wand of polymorph (13)
Scrolls
 e - 4 scrolls of vulnerability
 f - 10 scrolls of poison
 i - 4 scrolls of magic mapping
 n - 21 scrolls of teleportation
 o - 5 scrolls of summoning
 r - 9 scrolls of fog
 x - 5 scrolls of fear
 A - 4 scrolls of immolation
 E - 5 scrolls of blinking
 G - 2 scrolls of brand weapon
 S - 14 scrolls of identify
 T - 2 scrolls of torment
 V - 3 scrolls of silence
Potions
 b - 13 potions of attraction
 d - 8 potions of haste
 g - 7 potions of berserk rage
 h - 12 potions of flight
 m - 5 potions of ambrosia
 p - 22 potions of curing
 v - 5 potions of resistance
 z - 3 potions of heal wounds
 B - 8 potions of might
 F - 6 potions of magic
 L - 2 potions of cancellation
 P - 3 potions of lignification
 Q - 2 potions of mutation
 W - 4 potions of invisibility
Miscellaneous
 a - a phial of floods
 I - a box of beasts
 M - a phantom mirror
 N - a tin of tremorstones (2/2)
 Z - a condenser vane (inert)


   Skills:
 - Level 18.4 Fighting
 * Level 14.3 Armour
 - Level 9.6 Dodging
 - Level 13.0 Shields
 - Level 23.1 Unarmed Combat
 - Level 10.0 Evocations


You had 20 spell levels left.
You didn't know any spells.
Your spell library was empty.

Dungeon Overview and Level Annotations

Branches:
Dungeon (15/15)            Temple (0/1) D:7            Lair (5/5) D:11
 Shoals (4/4) Lair:3        Snake (4/4) Lair:2        Slime (0/5) Lair:4
    Orc (2/2) D:10            Elf (0/3) Orc:2        Vaults (4/5) D:14
  Crypt (3/3) Vaults:2     Depths (0/4) D:15        Ossuary (visited)
  IceCv (visited)
   Tomb: Crypt:3

Altars:
Ashenzari
Cheibriados
Elyvilon
Gozag
Kikubaaqudgha
Nemelex Xobeh
Ru
Sif Muna
Trog
Uskayaw
Xom
Yredelemnul
Zin
The Shining One
Jiyva

Shops:
D:8 *   D:9 *   D:15 *   Orc:1 [   Orc:2 [?[(   Shoals:1 !   Shoals:2 ([
Shoals:4 (   Snake:1 ((   Snake:2 :=:   Snake:4 ([[(   Vaults:3 [   Vaults:4 [

Portals:
Trove: D:14 (give +3 ice dragon scales)


Innate Abilities, Weirdness & Mutations

You are too large for most types of armour.
You have claws for hands.
Your natural rate of healing is unusually fast.
You are covered in fur. (AC +1)
You have tough skin. (AC +1)


Message History

You block the centaur warrior simulacrum's attack.
The centaur warrior simulacrum kicks you but does no damage.
The jiangshi is engulfed in freezing vapours.
The komodo dragon zombie is engulfed in freezing vapours.
The necrophage is engulfed in freezing vapours.
The mummy is engulfed in freezing vapours.
The jiangshi is engulfed in freezing vapours.
The ghoul is engulfed in freezing vapours.
The ghoul claws you but does no damage. The ghoul closely misses you.
The centaur warrior simulacrum completely misses you.
The centaur warrior simulacrum kicks you but does no damage.
The jiangshi is engulfed in freezing vapours.
The jiangshi claws you but does no damage. x2
The komodo dragon zombie is engulfed in freezing vapours.
The necrophage is engulfed in freezing vapours.
The jiangshi is engulfed in freezing vapours.
Unknown command.
Unknown command.
Unknown command.
Unknown command.
Unknown command.
You remove the ring of Birdsong {rF+ rC+ Will+ Str+2 Int-4}.
You are engulfed in dark miasma.
* * * LOW HITPOINT WARNING * * *
The jiangshi is engulfed in freezing vapours. x2
The jiangshi claws you but does no damage. x2
The ghoul is engulfed in freezing vapours.
The ghoul claws you but does no damage. The ghoul claws you!
* * * LOW HITPOINT WARNING * * *
The mummy is engulfed in freezing vapours.
The centaur warrior simulacrum closely misses you.
The centaur warrior simulacrum barely misses you.
The jiangshi is engulfed in freezing vapours.
The spectral centaur warrior is engulfed in freezing vapours.
You fly up into the air.
w - a ring of flight (left claw)
You are engulfed in dark miasma.
You are lethally poisoned!
You feel yourself slow down.
You die...

################
...§§○§ZZ§○..)..
#..§§§ZnVM§§#
#..○§§§@VZZZ#
#..######zn§#
#.§z##########
#..°..........
#...°....#
#........#
#........#
#........#
#........#


You could see a ghoul, 2 jiangshi, a curse skull, a spectral centaur warrior
(summoned), a necrophage (summoned), a mummy (summoned), a wight (summoned), 2
spriggan defender simulacra, 2 centaur warrior simulacra and a komodo dragon
zombie.

Vanquished Creatures
  Mennas (Vaults:2)
  Josephina (Crypt:3)
  Vashnia (Snake:2)
  Nikola (Snake:4)
  Jory (Vaults:3)
  A shard shrike zombie (Crypt:2)
  Zenata (Vaults:1)
  A kraken (Shoals:4)
  Polyphemus (Shoals:2)
  3 ancient champions
  7 nagarajas
  4 revenants
  Donald (Shoals:1)
  Aizul (Snake:2)
  A frost giant (Shoals:4)
  10 vault wardens
  18 ghouls
  3 orc warlords
  6 curse skulls
  12 ironbound preservers
  12 very ugly things
  7 ironbound thunderhulks
  A war gargoyle (Vaults:1)
  The ghost of lis82 the Gelid, a journeyman DgAE (D:13)
  3 vampire knights
  Azrael (D:13)
  A deep elf annihilator (Vaults:3)
  5 dire elephants
  2 blizzard demons (IceCv)
  4 eidola
  3 deep elf death magi
  7 merfolk impalers
  A fire dragon (Lair:5)
  2 ettins
  7 jiangshi
  4 merfolk javelineers
  A deep elf high priest (Vaults:2)
  8 great orbs of eyes
  10 yaktaur captains
  The ghost of Pendel the Unseen, a journeyman SpEn of Dithmenos (D:13)
  A fenstrider witch zombie (Crypt:1)
  A peacekeeper (Vaults:1)
  5 hydras
  The ghost of fly the Carver, a journeyman DgDe (D:13)
  4 vault guards
  7 boulder beetles
  3 ogre magi
  2 spriggan skeletons
  10 ironbound frosthearts
  3 catoblepae
  3 salamander tyrants
  11 anacondas
  5 centaur warriors
  11 naga warriors
  24 death yaks
  5 merfolk aquamancers
  3 alligator snapping turtles
  10 two-headed ogres
  A death knight (Crypt:1)
  4 shock serpents
  16 naga sharpshooters
  6 vampire magi
  A titan zombie (Vaults:1)
  3 satyrs
  A tengu warrior (D:15)
  A soul eater (Crypt:2)
  Urug (Lair:2)
  9 skeletal warriors
  A titan skeleton (D:15)
  Nergalle (Lair:2)
  8 salamander mystics
  3 shadow wraiths
  A storm dragon skeleton (Crypt:2)
  40 deep trolls
  2 flayed ghosts
  An anaconda zombie (Crypt:3)
  A tengu zombie (D:15)
  22 sea snakes
  7 spriggan simulacra
  An orange crystal statue (Crypt:2)
  9 lindwurms
  8 bog bodies
  30 harpies
  4 wizards
  An obsidian statue (IceCv)
  3 orc knights
  An iron dragon zombie (D:15)
  7 naga ritualists
  3 deep elf pyromancers
  5 necromancers
  16 ironbound convokers
  9 mana vipers
  4 phantasmal warriors
  17 ugly things
  A frost giant zombie (D:15)
  11 manticores
  13 fauns
  An oklob plant (Lair:1)
  30 salamanders
  2 wolf spiders (Lair:3)
  A goliath frog skeleton (Crypt:2)
  6 elephants (Lair:5)
  25 black mambas
  7 water nymphs
  7 cyclopes
  A dire elephant zombie (Crypt:1)
  5 merfolk sirens
  Maurice (Orc:1)
  22 naga magi
  5 guardian serpents
  24 vault sentinels
  9 cane toads
  A gargoyle (D:14)
  Maggie (D:7)
  5 torpor snails (Lair:5)
  A naga skeleton (Crypt:2)
  2 efreet
  7 komodo dragons
  10 ice devils (IceCv)
  29 yaktaurs
  4 freezing wraiths
  3 anaconda simulacra (IceCv)
  13 guardian mummies
  A harpy zombie (Crypt:1)
  3 tengu conjurers
  A grey draconian skeleton (Crypt:1)
  14 merfolk
  A sea snake skeleton (Crypt:2)
  A moth of wrath zombie (Crypt:2)
  A hydra zombie (Crypt:2)
  3 meliai (D:14)
  12 trolls
  2 polar bears
  3 tyrant leeches (Lair:5)
  6 hornets
  5 wind drakes
  13 snapping turtles
  21 dream sheep
  22 blink frogs
  26 slime creatures
  A fire dragon zombie (Crypt:3)
  2 harpy skeletons
  An ettin skeleton (Vaults:1)
  2 shadows
  Eustachio (D:6)
  13 flying skulls
  3 wyverns
  6 basilisks
  2 vampires
  9 wraiths
  A dire elephant simulacrum (IceCv)
  4 fire elementals (D:13)
  9 water elementals
  37 yaks
  An ushabti (Crypt:3)
  A black mamba skeleton (Crypt:1)
  6 vampire mosquitoes
  8 minotaur simulacra (IceCv)
  A tyrant leech zombie (Crypt:1)
  A steam dragon (D:6)
  A harpy simulacrum (IceCv)
  A naga zombie (Crypt:2)
  6 wargs
  3 hydra simulacra (IceCv)
  4 acid dragons
  A glowing shapeshifter zombie (Vaults:1)
  3 hell hounds (D:13)
  31 nagas
  Duvessa (D:7)
  A demonspawn zombie (Crypt:1)
  11 water moccasins
  33 orc warriors
  A water nymph skeleton (Crypt:1)
  A sky beast (D:7)
  6 black bears
  A swamp dragon zombie (Crypt:2)
  3 ice beasts
  An alligator simulacrum (IceCv)
  An ettin simulacrum (IceCv)
  28 ogres
  2 boggarts (Vaults:2)
  12 wolves
  An ogre (shapeshifter) (D:15)
  6 centaurs
  A lindwurm skeleton (Crypt:3)
  2 kobold brigands
  15 bullfrogs
  10 necrophages
  7 deep troll simulacra (IceCv)
  An elf skeleton (Crypt:2)
  14 scorpions
  A water moccasin zombie (Crypt:2)
  13 wights (D:8)
  Dowan (D:7)
  A queen bee zombie (Crypt:1)
  6 killer bees
  2 lindwurm simulacra (IceCv)
  A human simulacrum (Vaults:1)
  2 troll skeletons
  A shapeshifter skeleton (Crypt:1)
  7 howler monkeys
  A yak skeleton (Crypt:2)
  3 centaur zombies (Ossuary)
  6 hounds
  4 lava snakes
  2 jellies
  13 orc priests
  3 human zombies
  Natasha (thrice) (D:4)
  2 iguanas
  28 orc wizards
  An acid dragon zombie (Crypt:3)
  An ogre skeleton (Crypt:1)
  2 hound zombies (D:4)
  2 hound skeletons (D:4)
  3 mummies (Ossuary)
  2 howler monkey zombies
  7 gnolls
  10 adders
  A steam dragon zombie (Crypt:2)
  A steam dragon skeleton (Crypt:3)
  2 white imps
  2 ufetubi (D:5)
  An adder zombie (D:4)
  4 worms
  3 dart slugs
  79 orcs
  6 bats
  A bat zombie (Crypt:1)
  7 endoplasms
  5 giant cockroaches
  2 gnoll zombies (Ossuary)
  8 goblins
  9 hobgoblins
  5 jackals
  4 quokkas
  4 ball pythons
  A frilled lizard (D:2)
  A goblin zombie (Ossuary)
  2 hobgoblin zombies (Ossuary)
  A jackal zombie (Crypt:3)
  15 kobolds
  A kobold skeleton (Crypt:3)
  3 kobold zombies
  A quokka zombie (D:4)
  3 rats
1513 creatures vanquished.

Vanquished Creatures (collateral kills)
  2 nagarajas (Snake:4)
  4 hydras
  A two-headed ogre (Orc:1)
  A satyr (Shoals:4)
  4 naga warriors (Snake:4)
  A naga ritualist (Snake:4)
  2 fauns (Shoals:4)
  3 salamanders (Snake:3)
  A merfolk siren (Shoals:4)
  A naga mage (Snake:4)
  A black mamba (Snake:4)
  A tyrant leech (Lair:5)
  A hornet (Lair:5)
  A vampire mosquito (D:12)
  3 nagas (Snake:4)
  A water moccasin (Lair:1)
  2 centaurs (D:6)
30 creatures vanquished.

Vanquished Creatures (others)
  A merfolk avatar (Shoals:4)
  An ironbound convoker (Vaults:2)
  2 boggarts (Vaults:2)
  An orc wizard (D:10)
  2 orcs
  28 fungi
  153 plants
  8 tentacles (Shoals:4)
  7 withered plants
203 creatures vanquished.

Grand Total: 1746 creatures vanquished

Notes
Turn   | Place    | Note
-------+----------+-------------------------------------------
     0 | D:1      | Nattfarinn the Troll Berserker began the quest for the Orb.
     0 | D:1      | Reached XP level 1. HP: 22/22 MP: 0/0
   145 | D:1      | Reached XP level 2. HP: 29/29 MP: 1/1
   247 | D:1      | Found a faded altar of an unknown god.
   565 | D:1      | Reached XP level 3. HP: 37/37 MP: 2/2
   668 | D:1      | Reached ** piety under Trog
  1025 | D:2      | Reached XP level 4. HP: 34/45 MP: 3/3
  1862 | D:3      | Reached XP level 5. HP: 50/54 MP: 4/4
  2129 | D:3      | Noticed an ice beast
  2136 | D:3      | Killed an ice beast
  2137 | D:3      | Reached skill level 4 in Unarmed Combat
  2174 | D:3      | Reached XP level 6. HP: 53/63 MP: 5/5
  2175 | D:3      | Reached *** piety under Trog
  2270 | D:3      | Found a glowing silver altar of Zin.
  2271 | D:3      | Found a white marble altar of Elyvilon.
  2274 | D:3      | Found a glowing golden altar of the Shining One.
  2487 | D:4      | Reached skill level 5 in Fighting
  2487 | D:4      | Reached XP level 7. HP: 67/72 MP: 6/6
  2658 | D:4      | Found a snail-covered altar of Cheibriados.
  3097 | D:4      | Found a sacrificial altar of Ru.
  3098 | D:4      | Found a bloodstained altar of Trog.
  3194 | D:4      | Found a shimmering altar of Xom.
  3504 | D:4      | Reached skill level 5 in Unarmed Combat
  3551 | D:4      | Reached **** piety under Trog
  3644 | D:4      | Noticed Natasha
  3647 | D:4      | Killed Natasha
  3975 | D:4      | Noticed Natasha
  3983 | D:4      | Killed Natasha
  4283 | D:4      | Noticed Natasha
  4292 | D:4      | Killed Natasha
  4331 | D:5      | Entered Level 5 of the Dungeon
  4348 | D:5      | Reached XP level 8. HP: 83/83 MP: 7/7
  4424 | D:5      | Found an ancient bone altar of Kikubaaqudgha.
  4498 | D:5      | Found a shimmering blue altar of Sif Muna.
  4629 | D:5      | Found a sand-covered staircase.
  4638 | Ossuary  | Entered an ossuary
  4701 | Ossuary  | Reached skill level 5 in Dodging
  4701 | Ossuary  | Reached skill level 6 in Unarmed Combat
  5084 | D:5      | Reached XP level 9. HP: 93/93 MP: 8/8
  5164 | D:6      | Reached ***** piety under Trog
  5441 | D:6      | Reached skill level 7 in Unarmed Combat
  5850 | D:6      | Noticed Eustachio
  5861 | D:6      | Killed Eustachio
  6080 | D:7      | Reached XP level 10. HP: 66/107 MP: 9/9
  6294 | D:7      | Found a staircase to the Ecumenical Temple.
  6442 | D:7      | Reached skill level 8 in Unarmed Combat
  6557 | D:7      | Noticed Duvessa
  6557 | D:7      | Noticed Dowan
  6577 | D:7      | Killed Duvessa
  6579 | D:7      | Killed Dowan
  7178 | D:7      | Noticed Maggie
  7188 | D:7      | Killed Maggie
  7383 | D:8      | Identified the +11 long sword of the Candelabrum {vorpal,
                  | +Blink rN+}
  7442 | D:8      | Found Jipn's Island Escapes.
  7535 | D:8      | Found a broken altar of Ashenzari.
  7542 | D:8      | Reached skill level 10 in Fighting
  7764 | D:8      | Received a gift from Trog
  7864 | D:8      | Reached skill level 9 in Unarmed Combat
  8144 | D:9      | Reached XP level 11. HP: 85/119 MP: 10/10
  8650 | D:9      | Found Syeloe's Mass Market.
  8812 | D:10     | Entered Level 10 of the Dungeon
  8961 | D:10     | Found a staircase to the Orcish Mines.
  9412 | D:10     | Found a sparkling altar of Nemelex Xobeh.
  9670 | D:11     | Noticed a seven-headed hydra
  9675 | D:11     | Killed a seven-headed hydra
  9768 | D:11     | Found a staircase to the Lair.
  9870 | D:11     | Reached skill level 10 in Unarmed Combat
 10362 | D:12     | Noticed a boulder beetle
 10369 | D:12     | Killed a boulder beetle
 10409 | D:12     | Noticed an eight-headed hydra
 10416 | D:12     | Killed an eight-headed hydra
 10417 | D:12     | Reached skill level 11 in Unarmed Combat
 10440 | D:12     | Noticed a boulder beetle
 10874 | D:12     | Reached XP level 12. HP: 131/131 MP: 11/11
 10884 | D:12     | Killed a boulder beetle
 10930 | D:12     | Identified the +2 scale mail of Eternal Vigilance {Dex+2}
 11138 | D:12     | Noticed a seven-headed hydra
 11142 | D:12     | Killed a nine-headed hydra
 11352 | Lair:1   | Entered Level 1 of the Lair of Beasts
 11404 | Lair:1   | Reached skill level 12 in Unarmed Combat
 11701 | Lair:1   | Received a gift from Trog
 11815 | Lair:1   | Noticed a six-headed hydra
 11828 | Lair:1   | Killed a seven-headed hydra
 11833 | Lair:1   | Noticed a seven-headed hydra
 11840 | Lair:1   | Killed a ten-headed hydra
 11841 | Lair:1   | Reached skill level 13 in Unarmed Combat
 11845 | Lair:1   | Found the +1 robe of Vines {NoPotionHeal Regen++++}
 12330 | Lair:2   | Found a staircase to the Snake Pit.
 12565 | Lair:2   | Noticed Urug
 12577 | Lair:2   | Killed Urug
 12659 | Lair:2   | Identified 2 scrolls of acquirement
 12664 | Lair:2   | Acquired the ring of Birdsong {rF+ rC+ Will+ Str+2 Int-4}
 12666 | Lair:2   | Acquired 956 gold pieces
 12744 | Lair:3   | Noticed a death yak
 12744 | Lair:3   | Noticed a death yak
 12744 | Lair:3   | Noticed a death yak
 12744 | Lair:3   | Noticed a death yak
 12758 | Lair:2   | Killed a death yak
 12792 | Lair:3   | Noticed Nergalle
 12806 | Lair:2   | Reached skill level 14 in Unarmed Combat
 12933 | Lair:2   | Killed Nergalle
 13000 | Lair:2   | Reached XP level 13. HP: 138/141 MP: 12/12
 13098 | Lair:3   | Found a staircase to the Shoals.
 13608 | Lair:3   | Reached skill level 15 in Unarmed Combat
 14079 | Lair:4   | Reached skill level 16 in Unarmed Combat
 14192 | Lair:4   | Found a staircase to the Slime Pits.
 14192 | Lair:4   | Found a viscous altar of Jiyva.
 14257 | Lair:4   | Reached XP level 14. HP: 47/154 MP: 13/13
 14295 | Lair:4   | Reached skill level 17 in Unarmed Combat
 14797 | Lair:5   | Entered Level 5 of the Lair of Beasts
 15419 | Lair:5   | Found a runed translucent door.
 15459 | Lair:5   | Received a gift from Trog
 15516 | Lair:5   | Paralysed by a hornet for 2 turns
 15524 | Lair:5   | HP: 3/157 [tyrant leech (18)]
 15583 | Lair:5   | Reached skill level 18 in Unarmed Combat
 15858 | Orc:1    | Entered Level 1 of the Orcish Mines
 15867 | Orc:1    | Noticed Maurice
 15870 | Orc:1    | Paralysed by Maurice for 5 turns
 15890 | Orc:1    | Killed Maurice
 15938 | Orc:1    | Found Wounnuh's Armour Shoppe.
 15987 | Orc:1    | Reached skill level 1 in Evocations
 16199 | Orc:2    | Entered Level 2 of the Orcish Mines
 16199 | Orc:2    | Found a staircase to the Elven Halls.
 16246 | Orc:2    | Noticed an orc warlord
 16438 | Orc:2    | Received a gift from Trog
 16833 | Orc:2    | Paralysed by an ogre mage for 3 turns
 17165 | Orc:1    | Reached skill level 5 in Evocations
 17195 | Orc:1    | Reached XP level 15. HP: 61/165 MP: 14/14
 17242 | Orc:2    | Found Isot's Weapon Shop.
 17613 | Orc:2    | Killed an orc warlord
 17647 | Orc:2    | Found Mouxt's Magic Scroll Shop.
 17648 | Orc:2    | Found Edauxyla's Armour Shoppe.
 17656 | Orc:2    | Bought a scroll of fog for 60 gold pieces
 17656 | Orc:2    | Bought a scroll of identify for 30 gold pieces
 17656 | Orc:2    | Bought a scroll of teleportation for 45 gold pieces
 17656 | Orc:2    | Bought a scroll of torment for 142 gold pieces
 17656 | Orc:2    | Bought a scroll of noise for 15 gold pieces
 17656 | Orc:2    | Bought a scroll of silence for 142 gold pieces
 17663 | Orc:2    | Found Hioritti's Antique Armour Boutique.
 17666 | Orc:2    | Bought the +3 crown of Dyrovepreva {rElec Int+2 SInv} for
                  | 496 gold pieces
 17666 | Orc:2    | Found the +3 crown of Dyrovepreva {rElec Int+2 SInv}
 18019 | Orc:1    | Noticed an orc warlord
 18035 | Orc:1    | Received a gift from Trog
 18038 | Orc:1    | Killed an orc warlord
 18619 | D:13     | Found a runed translucent gate.
 18620 | D:13     | Found a runed translucent gate.
 18621 | D:13     | Found a runed translucent gate.
 18622 | D:13     | Noticed Pendel's ghost (journeyman SpEn)
 18623 | D:13     | Noticed lis82's ghost (journeyman DgAE)
 18624 | D:13     | Noticed fly's ghost (journeyman DgDe)
 18660 | D:13     | Noticed Azrael
 18681 | D:13     | Killed Azrael
 19023 | D:13     | Found a shimmering blue altar of Sif Muna.
 19082 | D:13     | Killed lis82's ghost
 19083 | D:13     | Killed fly's ghost
 19087 | D:13     | Killed Pendel's ghost
 19653 | D:14     | Found a frozen archway.
 19658 | IceCv    | Entered an ice cave
 19882 | IceCv    | Received a gift from Trog
 20310 | IceCv    | Identified the +1 pair of boots of the Earth {Int+2}
 20607 | D:14     | Found a portal to a secret trove of treasure.
 20666 | D:14     | Found a hide-covered altar of Uskayaw.
 21121 | D:14     | Found a gate to the Vaults.
 21157 | D:14     | Reached skill level 10 in Evocations
 21252 | D:15     | Entered Level 15 of the Dungeon
 21264 | D:15     | Reached skill level 1 in Armour
 21273 | D:15     | Received a gift from Trog
 21290 | D:15     | Identified the +1 ring mail of Vlad {rF+}
 21384 | D:15     | Found a staircase to the Depths.
 21424 | D:15     | Reached XP level 16. HP: 38/174 MP: 15/15
 21537 | D:15     | Found Xeset's General Store.
 21555 | D:15     | Bought a scroll of immolation for 68 gold pieces
 21669 | D:15     | Found an opulent altar of Gozag.
 22110 | Snake:1  | Entered Level 1 of the Snake Pit
 22162 | Snake:1  | Found Vyuss's Antique Weapon Emporium.
 22168 | Snake:1  | Found Lobaud's Antique Weapon Emporium.
 22268 | Snake:1  | Reached skill level 5 in Armour
 22491 | Snake:1  | Identified the +2 giant club of Blind Justice {vorpal, rN+}
                  | (Trog gifted it to you on level 1 of the Snake Pit)
 22491 | Snake:1  | Received a gift from Trog
 23356 | Snake:2  | Found Gifrauk's Book Boutique.
 23356 | Snake:2  | Found Eneyto's Jewellery Shoppe.
 23358 | Snake:2  | Found Roast's Book Boutique.
 23364 | Snake:2  | Bought a manual of Unarmed Combat for 1600 gold pieces
 23366 | Snake:2  | Bought the amulet "Tiompah" {rPois rC+ rN+ Regen+ Stlth-}
                  | for 969 gold pieces
 23658 | Snake:2  | Reached skill level 19 in Unarmed Combat
 23675 | Snake:2  | Noticed Vashnia
 23750 | Snake:2  | Killed Vashnia
 24309 | Snake:3  | Reached ****** piety under Trog
 24380 | Snake:3  | Reached skill level 20 in Unarmed Combat
 24386 | Snake:3  | Received a gift from Trog
 24432 | Snake:3  | Reached XP level 17. HP: 148/182 MP: 16/16
 24516 | Snake:3  | Reached skill level 1 in Shields
 25650 | Snake:4  | Entered Level 4 of the Snake Pit
 25654 | Snake:4  | Reached skill level 5 in Shields
 25681 | Snake:2  | Noticed Aizul
 25692 | Snake:2  | Killed Aizul
 25808 | Shoals:1 | Entered Level 1 of the Shoals
 25847 | Shoals:1 | Noticed Donald
 25870 | Shoals:1 | Killed Donald
 26152 | Shoals:1 | Received a gift from Trog
 26213 | Shoals:1 | Found Sycluic's Distillery.
 26977 | Shoals:2 | Noticed Polyphemus
 27009 | Shoals:2 | Killed Polyphemus
 27364 | Shoals:2 | Found Viheus's Armour Emporium.
 27366 | Shoals:2 | Found Hofevu's Weapon Boutique.
 27379 | Shoals:2 | Reached skill level 10 in Shields
 28091 | Shoals:3 | Received a gift from Trog
 28105 | Shoals:3 | Reached XP level 18. HP: 83/191 MP: 17/17
 28750 | Shoals:4 | Entered Level 4 of the Shoals
 28750 | Shoals:4 | Found Netyh's Weapon Shop.
 29131 | Shoals:4 | Got a barnacled rune of Zot
 29267 | Shoals:4 | Identified the +7 quick blade of Perversion {pain, Contam
                  | +Blink MP+9 Str+3}
 29727 | Shoals:4 | Identified the ring "Kuac" {Wiz rElec rN+}
 29807 | Shoals:4 | Identified the +3 morningstar of the Undead {vorpal, Int+4
                  | Dex+2}
 30732 | Snake:4  | Reached skill level 21 in Unarmed Combat
 30801 | Snake:4  | Received a gift from Trog
 30802 | Snake:4  | Reached skill level 15 in Fighting
 31083 | Snake:4  | Identified the +7 war axe of the Unliving {flame, Int+3
                  | Dex+4}
 31169 | Snake:4  | Noticed Nikola
 31180 | Snake:4  | Killed Nikola
 31347 | Snake:4  | Found Cah Gyer's Antique Weapon Emporium.
 31364 | Snake:4  | Found Omoom's Antique Armour Boutique.
 31364 | Snake:4  | Found Vycynus's Armour Shop.
 31447 | Snake:4  | Reached XP level 19. HP: 192/204 MP: 18/18
 31573 | Snake:4  | Found Hoobygyr's Antique Weapon Shop.
 31689 | Snake:4  | Got a serpentine rune of Zot
 32285 | Vaults:1 | Entered Level 1 of the Vaults
 32602 | Vaults:1 | Noticed Zenata
 32622 | Vaults:1 | Killed Zenata
 32633 | Vaults:1 | Reached skill level 22 in Unarmed Combat
 32653 | Vaults:1 | Received a gift from Trog
 33149 | Vaults:1 | Acquired 799 gold pieces
 34227 | Vaults:2 | Noticed Mennas
 34259 | Vaults:2 | Killed Mennas
 34334 | Vaults:2 | Found a staircase to the Crypt.
 34421 | Vaults:2 | Received a gift from Trog
 35877 | Vaults:3 | Reached XP level 20. HP: 79/221 MP: 19/19
 35884 | Vaults:3 | Received a gift from Trog
 36404 | Vaults:3 | Reached skill level 23 in Unarmed Combat
 36551 | Vaults:3 | Noticed Jory
 36563 | Vaults:3 | Killed Jory
 36857 | Vaults:3 | Found Qilootha's Antique Armour Shop.
 37418 | Vaults:4 | Received a gift from Trog
 37641 | Vaults:4 | Found Zouwem's Armour Shop.
 37725 | Vaults:4 | Paralysed by a great orb of eyes for 3 turns
 38156 | Vaults:4 | Reached skill level 10 in Armour
 38776 | Vaults:4 | Paralysed by a great orb of eyes for 5 turns
 39020 | Crypt:1  | Entered Level 1 of the Crypt
 39231 | Crypt:1  | Received a gift from Trog
 39690 | Crypt:1  | Reached XP level 21. HP: 133/230 MP: 20/20
 41209 | Crypt:2  | Received a gift from Trog
 41281 | Crypt:2  | Found a basalt altar of Yredelemnul.
 41863 | Crypt:2  | Lost intelligence.
 42212 | Crypt:2  | Identified the ring "Pievojopikk" {Ice rPois Int+2 SInv}
 42217 | Crypt:2  | Identified the +3 ring mail of the Shrike {Str+8 Int+3}
 42267 | Crypt:3  | Entered Level 3 of the Crypt
 42604 | Crypt:2  | Received a gift from Trog
 42955 | Crypt:3  | Identified the ring of Viom {Ice rElec Will+ Str+4}
 42955 | Crypt:3  | Noticed Josephina
 42978 | Crypt:3  | Killed Josephina
 42987 | Crypt:3  | HP: 1/231 [ghoul (17)]
 42988 | Crypt:3  | Engulfed by an ushabti's foul pestilence

Illustrated notes

Levels and vault maps discovered:
D:1:      minmay_arrival_four_circles, layout_basic,
          hellmonk_ecumenical_altar_dog_temple
D:2:      layout_basic
D:3:      layout_basic, good_gods_temple_1
D:4:      minmay_octagon_keep, layout_layer_cave, slow_altar_1,
          lemuel_coloured_pillars_altar, gammafunk_temple_overflow_statue,
          serial_undead, serial_undead_d, serial_undead_f, serial_undead_b,
          serial_undead_a, patterned_corridor, uniq_natasha
D:5:      layout_rooms, mainiacjoe_overflow_small_starburst,
          kiku_gazebo_garden_becter, enter_ossuary_1
D:6:      layout_basic, uniq_eustachio
D:7:      wad_crossroads, layout_cave_pods, minmay_temple_entry_hall,
          serial_co_window_serial, co_window_paths_a, co_window_paths_b,
          co_window_corner_a, co_window_corner_a, co_window_cross_1,
          co_window_of_opportunity_b, co_window_of_opportunity_c,
          co_window_corner_b, co_window_of_opportunity_c, co_window_broadway_c,
          co_window_paths_c, glass_columns_a, glass_columns_c, glass_columns_c,
          glass_columns_b, kennysheep_generic_room_5, uniq_maggie, uniq_duvessa
D:8:      layout_loops_cross, lemuel_tele_altar, nicolae_island_escapes
D:9:      layout_loops_ring, corexii_hall_statues_i, minmay_shop_mass
D:10:     layout_loops_ring, nemelex_xobeh_ov_fountains_minmay, david_orc_2
D:11:     layout_loops_cross, grunt_lair_entry_orc_guard_hut
D:12:     layout_cave_pods
D:13:     layout_loops_ring, gammafunk_ghost_cemetery,
          nicolae_sif_muna_little_library, uniq_azrael
D:14:     layout_loops_cross, david_vaults_2, enter_trove_2,
          nicolae_uskayaw_suspiria, portal_ice_cave_entry_pillars_1,
          serial_park_tiny_2, dreamdust_deal_with_the_devil,
          minmay_misc_feat_rugged
D:15:     gammafunk_depths_entry_grave, layout_long_grid,
          nicolae_gozag_cash_rules_everything_around_me, serial_shops, shop
Lair:1:   layout_regular_city, chequers_serial_rivers_large_a,
          hellmonk_guarded_unrand_vines
Lair:2:   layout_misc_corridors, guppyfry_snake_entry_island,
          infiniplex_staircase_pool_2, grunt_megastairs_5, uniq_urug
Lair:3:   layout_misc_corridors, minmay_shoals_entry_beasts,
          nicolae_lair_run_with_the_wolves, uniq_nergalle
Lair:4:   layout_long_grid, slime_entry_1, grunt_megastairs_1
Lair:5:   wormcave, layout_hall_layers, chequers_serial_rivers_room_b,
          minivault_19
Shoals:1: layout_shoals, serial_shops, shop, uniq_donald
Shoals:2: layout_shoals, serial_shops, shop, nicolae_shop_behind_doors,
          uniq_polyphemus
Shoals:3: layout_shoals
Shoals:4: shoals_end_grunt_ice, layout_shoals, serial_shops, shop_statue
Snake:1:  layout_onion_interference, nicolae_snake_magic_snake_eye,
          minmay_shop_star
Snake:2:  layout_rooms, minmay_shop_grove, uniq_vashnia, uniq_aizul
Snake:3:  layout_chambers, nicolae_snake_salamander_zone, serial_bayou_shore_b,
          lemuel_fruit_tree, serial_bayou_shore_a
Snake:4:  snake_pit, layout_cave_town, serial_shops, nicolae_lakefront_shop,
          nicolae_wooded_promenade, nicolae_snake_linked_coils,
          grunt_ministairs_12, drop_trap, nicolae_snake_snakes_in_the_grass,
          uniq_nikola
Orc:1:    layout_diamond_mine, serial_shops, nicolae_shop_waterfront,
          uniq_maurice
Orc:2:    st_orc_open, layout_caves
Vaults:1: ontoclasm_vaults_shuriken, nicolae_vaults_big_angled_halls,
          ontoclasm_vaults_gateway, vaults_room_grunt_arrival_ludios,
          vaults_room_fancy_cross, v_alt_pattern_2,
          ontoclasm_vaults_decontamination, vaults_room_door_ring, v_misc_30,
          v_alt_pattern_4, layout_vaults_omnigrid, uniq_zenata
Vaults:2: v_misc_24, vaults_mumra_minichess, v_pattern_5,
          minmay_crypt_entry_simple_walls, v_alt_pattern_5,
          dpeg_vaults_monster_box, ontoclasm_vaults_twist,
          nicolae_vaults_little_squares_5, dpeg_vaults_monster_row, v_misc_5,
          v_misc_15, vaults_room_pool, layout_vaults_omnicross, uniq_mennas
Vaults:3: ontoclasm_vaults_ring_square, nicolae_vaults_three_branches, v_misc_9,
          v_misc_15, nicolae_vaults_octagons, nicolae_vaults_mini_display_case,
          nicolae_vaults_network_periphery, hangedman_vaults_restitches,
          ontoclasm_vaults_chip, ontoclasm_vaults_ring_large,
          ontoclasm_vaults_ring_small, layout_vaults_maze, serial_shops,
          nicolae_shop_statue_plus, uniq_jory
Vaults:4: nicolae_vaults_little_squares_1, v_misc_27,
          hangedman_vaults_river_flow, vaults_room_door_hall,
          ontoclasm_vaults_spin, grunt_vaults_twisty, v_rooms_3,
          hangedman_vaults_corner_blocks, vaults_room_mumra_shop_pool,
          layout_vaults_chaotic_city
Crypt:1:  layout_misc_corridors
Crypt:2:  statuecave_lemuel, layout_regular_city, minmay_misc_feat_columns,
          nicolae_crypt_little_mausoleum
Crypt:3:  church_of_pain_bobbens, layout_chaotic_city, uniq_josephina

Skill      XL: |  1  2  3  4  5  6  7  8  9 10 11 12 13 14 15 16 17 18 19 20 21 |
---------------+----------------------------------------------------------------+-----
Fighting       | 3 4 5 6 7 9 10 11 12 13 14 15 17 18 | 18.4
Dodging        | 3 4 5 6 7 8 9 |  9.6
Unarmed Combat | 4 5 6 7 9 11 14 16 18 20 21 22 23 | 23.1
Evocations     | 5 10 | 10.0
Armour         | 3 7 11 14 | 14.3
Shields        | 11 13 | 13.0

Action                   |  1- 3 |  4- 6 |  7- 9 | 10-12 | 13-15 | 16-18 | 19-21 || total
-------------------------+-------+-------+-------+-------+-------+-------+-------++-------
Melee: Unarmed           |    86 |   142 |   312 |   577 |  1012 |  1268 |  1476 ||  4873
       Punch             |     1 |       |    12 |    40 |    95 |    58 |       ||   206
Invok: Berserk           |       |     1 |     1 |     1 |     6 |     2 |     3 ||    14
       Trog's Hand       |       |       |     2 |     1 |     2 |       |       ||     5
       Brothers in Arms  |       |       |     1 |     7 |     3 |     6 |     3 ||    20
Evoke: Condenser vane    |       |       |       |       |     2 |     5 |     5 ||    12
       Phial of floods   |       |       |       |       |     1 |     1 |       ||     2
       Wand              |       |       |       |       |       |     8 |     1 ||     9
       Box of beasts     |       |       |       |       |       |     1 |       ||     1
  Use: Scroll            |       |       |     5 |    18 |     8 |    12 |     4 ||    47
       Potion            |       |       |     2 |       |     1 |       |     9 ||    12
 Stab: Sleeping          |       |     1 |       |     3 |       |       |       ||     4
       Petrified         |       |       |       |       |     3 |     6 |       ||     9
       Petrifying        |       |       |       |       |     1 |       |       ||     1
Armor: Animal skin       |    31 |    30 |    53 |       |       |       |       ||   114
       Steam dragon scal |       |       |     2 |    73 |       |       |       ||    75
       Troll leather arm |       |       |       |    43 |       |       |       ||    43
       Robe              |       |       |       |    32 |   334 |   172 |       ||   538
       Gold dragon scale |       |       |       |       |       |   391 |   921 ||  1312
Dodge: Dodged            |    39 |    76 |   180 |   375 |   744 |   445 |   298 ||  2157
Block: Kite shield       |       |       |       |       |       |   354 |   712 ||  1066
       Tower shield      |       |       |       |       |       |    32 |       ||    32
       Reflection        |       |       |       |       |       |    48 |    32 ||    80

Table legend: (Time is in decaauts)
 A = Elapsed time spent in this place.
 B = Non-inter-level travel time spent in this place.
 C = Inter-level travel time spent in this place.
 D = Time resting spent in this place.
 E = Time spent auto-exploring this place.
 F = Levels seen in this place.
 G = Mean time per level.
                   A        B        C        D        E       F      G
               +--------+--------+--------+--------+--------+-----+--------+
         Total |  42439 |  38284 |   4155 |   5592 |  24190 |  39 | 1088.2 |
       Dungeon |  13863 |  12003 |   1860 |    413 |   9444 |  15 |  924.2 |
          Lair |   5007 |   4214 |    793 |    200 |   2935 |   5 | 1001.4 |
        Shoals |   4524 |   4147 |    377 |    433 |   2652 |   4 | 1131.0 |
     Snake Pit |   5222 |   4722 |    500 |    771 |   2793 |   4 | 1305.5 |
  Orcish Mines |   2292 |   2217 |     75 |   1026 |    681 |   2 | 1146.0 |
        Vaults |   6669 |   6267 |    402 |   1256 |   3860 |   4 | 1667.2 |
         Crypt |   3582 |   3436 |    146 |   1280 |   1167 |   3 | 1194.0 |
       Ossuary |    409 |    409 |      0 |     33 |    191 |   1 |  409.0 |
      Ice Cave |    868 |    868 |      0 |    177 |    464 |   1 |  868.0 |
               +--------+--------+--------+--------+--------+-----+--------+

Top non-repeatable levels by time:
 Crypt:2: 2169 daAuts
     D:4: 1992 daAuts
Vaults:2: 1892 daAuts
Vaults:1: 1869 daAuts
 Snake:3: 1674 daAuts
   Orc:1: 1612 daAuts
Vaults:4: 1576 daAuts
 Snake:4: 1504 daAuts
Shoals:4: 1413 daAuts
Vaults:3: 1330 daAuts
     D:7: 1319 daAuts
Shoals:3: 1199 daAuts
  Lair:4: 1174 daAuts
    D:12: 1106 daAuts
  Lair:5: 1075 daAuts
